 Dungeon Crawl Stone Soup version 0.27-a0-1579-g97d2440184 (webtiles) character file.

Game seed: 689805483979396794

23 Zonian the Conjurer (level 2, -2/13 HPs)
             Began as a Vine Stalker Conjurer on July 17, 2021.
             Frozen to death by an endoplasm (5 damage)
             ... on level 1 of the Dungeon.
             The game lasted 00:02:47 (1200 turns).

Zonian the Conjurer (Vine Stalker Conjurer)         Turns: 1200, Time: 00:02:49

Health: -2/13      AC:  2    Str:  9    XL:     2   Next: 95%
Magic:  0/6        EV: 12    Int: 18    God:
Gold:   0          SH:  0    Dex: 12    Spells: 2/5 levels left

rFire    . . .     SeeInvis .   (no weapon)
rCold    . . .     Faith    .   (no shield)
rNeg     . . .     Spirit   +   a - +0 robe
rPois    .         Reflect  .   (no helmet)
rElec    .         Harm     .   (no cloak)
rCorr    .         Rampage  .   (no gloves)
Will     .....                  (no boots)
Stlth    ++........             (no amulet)
HPRegen  0.04/turn              (no ring)
MPRegen  0.10/turn              (no ring)

@: no status effects
A: fangs 2, magic shield, antimagic bite, no potion heal 2
a: no special abilities


You were on level 1 of the Dungeon.
You visited 1 branch of the dungeon, and saw 1 of its levels.

Inventory:

Hand Weapons
 c - a +0 dagger
Armour
 a - a +0 robe (worn)
Magical Staves
 b - a staff of cold
Scrolls
 d - a scroll of enchant armour {unknown}


   Skills:
 + Level 1.7 Dodging
 + Level 2.8 Stealth
 + Level 2.3 Spellcasting
 + Level 4.5 Conjurations


You had 2 spell levels left.
You knew the following spells:

 Your Spells              Type           Power      Damage    Failure   Level
a - Magic Dart            Conj           72%        1d6       2%          1
b - Searing Ray           Conj           36%        3d4       4%          2

Your spell library contained the following spells:

 Spells                   Type           Power      Damage    Failure   Level
 Dazzling Flash           Conj/Hex       20%        N/A       21%         3
 Fulminant Prism          Conj/Hex       5%         3d7       56%         4
 Iskenderun's Mystic Bla  Conj/Tloc      10%        2d4       56%         4


Dungeon Overview and Level Annotations

Branches:
Dungeon (1/15)

Altars:


Innate Abilities, Weirdness & Mutations

You have extremely sharp teeth.
When hurt, damage is shared between your health and your magic reserves.
Your bite disrupts and absorbs the magic of your enemies.
Potions cannot restore your health.


Message History

The jackal is almost dead.
The jackal bites the fungus.
The endoplasm hits the fungus.
The jackal barely misses you.
The jackal bites the fungus.
The magic dart hits the jackal.
You kill the jackal!
Unknown command.
The magic dart hits the jackal.
You kill the jackal!
The jackal barely misses you.
The magic dart hits the jackal.
The jackal is almost dead.
A nearby fungus withers and dies.
The jackal bites you.
The magic dart hits the jackal.
You kill the jackal!
You are too depleted to draw on your mana recklessly!
Unknown command.
You hit the endoplasm but do no damage. The endoplasm freezes you.
You are frozen.
You hit the endoplasm but do no damage. The endoplasm freezes you.
You are frozen.
You hit the endoplasm but do no damage. The endoplasm hits you.
* * * LOW HITPOINT WARNING * * *
Unknown command.
The endoplasm closely misses you.
You see here a scroll labelled EPIAFISYPS.
You are too injured to fight recklessly!
You are too injured to fight recklessly!
Unknown command.
Casting: Magic Dart (safe; 2% risk of failure)
Confirm with . or Enter, or press ? or * to list all spells.
Aiming: Magic Dart (safe; 2% risk of failure)
Press: ? - help, Shift-Dir - straight line, f - endoplasm
Aim: an endoplasm (100% to hit)
The magic dart hits the endoplasm.
The endoplasm is heavily wounded.
The endoplasm freezes you.
You are frozen.
You die...

#.##..........## #..#
####....#.##.....#######.#
..........##.........# #..
.......#..##.....###.###..
#...PP.PP....##..(..##...##..
#...♣♣♣.....##########.......
#...♣.P.P...# #...##.#
#...PP_PPP..## ######.#
#..♣♣PP.P..@# #.#
#..♣..♣♣P..J# ...
#.........#.### #.#
#............## ..#
####†#...#....# # #..
#.#####..#.$...
#....?.....#### ############


You could see an endoplasm.

Vanquished Creatures
  An endoplasm (D:1)
  3 goblins (D:1)
  3 hobgoblins (D:1)
  7 jackals (D:1)
  A kobold (D:1)
  A ball python (D:1)
  A bat (D:1)
  A rat (D:1)
18 creatures vanquished.

Vanquished Creatures (others)
  2 fungi (D:1)
2 creatures vanquished.

Grand Total: 20 creatures vanquished

Notes
Turn   | Place    | Note
-------+----------+-------------------------------------------
     0 | D:1      | Zonian the Vine Stalker Conjurer began the quest for the
                  | Orb.
     0 | D:1      | Reached XP level 1. HP: 9/9 MP: 4/4
   534 | D:1      | Reached XP level 2. HP: 13/13 MP: 1/6
   684 | D:1      | Learned a level 2 spell: Searing Ray
  1159 | D:1      | Found a faded altar of an unknown god.
  1200 | D:1      | Frozen to death by an endoplasm

Illustrated notes

Levels and vault maps discovered:
D:1:      ncdulo_lavacross, layout_loops_cross, dreamdust_ecumenical_altar_grove

Action                   || total
-------------------------++-------
Melee: Unarmed           ||    42
       Bite              ||     8
 Cast: Magic Dart        ||    26
 Stab: Sleeping          ||     1
Armor: Robe              ||     8
Dodge: Dodged            ||    39

Table legend: (Time is in decaauts)
 A = Elapsed time spent in this place.
 B = Non-inter-level travel time spent in this place.
 C = Inter-level travel time spent in this place.
 D = Time resting spent in this place.
 E = Time spent auto-exploring this place.
 F = Levels seen in this place.
 G = Mean time per level.
                   A        B        C        D        E       F      G
               +--------+--------+--------+--------+--------+-----+--------+
         Total |   1200 |   1200 |      0 |    760 |    265 |   1 | 1200.0 |
       Dungeon |   1200 |   1200 |      0 |    760 |    265 |   1 | 1200.0 |
               +--------+--------+--------+--------+--------+-----+--------+

Top non-repeatable levels by time:
     D:1: 1200 daAuts
